 Dungeon Crawl Stone Soup version 0.31.0-32-g396128a36d (webtiles) character file.

Game seed: 17119630077574601633

333 NotreDorf the Grave Robber (level 6, 0/46 HPs)
             Began as a Mummy Necromancer on Mar 30, 2024.
             Slain by an orc wizard
             ... wielding a +0 dagger
              (3 damage)
             ... on level 4 of the Dungeon.
             The game lasted 00:15:15 (2865 turns).

NotreDorf the Grave Robber (Mummy Necromancer)      Turns: 2865, Time: 00:15:16

Health: 0/46       AC:  2    Str: 11    XL:     6   Next: 27%
Magic:  0/12       EV:  9    Int: 17    God:
Gold:   184        SH:  0    Dex: 12    Spells: 3/14 levels left

rFire   x . .        g - +3 quarterstaff (chaos)
rCold   + . .        (shield currently unavailable)
rNeg    + + +        a - +0 robe
rPois   ∞            (no helmet)
rElec   .            (no cloak)
rCorr   .            (no gloves)
SInv    .            (no boots)
Will    .....        (no amulet)
Stlth   ++           (no ring)
HPRegen 0.27/turn    (no ring)
MPRegen 0.13/turn

%: faith
@: constricted
A: cold resistance 1, negative energy resistance 3, torment resistance 2, heat
vulnerability 1, in touch with death 1, no potions, faith
a: no special abilities


You were on level 4 of the Dungeon.
You visited 1 branch of the dungeon, and saw 4 of its levels.

You collected 184 gold pieces.

Inventory:

Hand Weapons
 d - a +0 quarterstaff
 g - a +3 quarterstaff of chaos (weapon)
Armour
 a - a +0 robe (worn)
Magical Staves
 e - a staff of cold
Jewellery
 j - a ring of flight
Wands
 f - a wand of flame (25)
Scrolls
 b - a scroll of identify {unknown}
 c - 2 scrolls of fear {unknown}
 h - a scroll of silence {unknown}
 i - a scroll of vulnerability {unknown}
 k - a scroll of teleportation {unknown}


   Skills:
 + Level 2.8 Fighting
 + Level 2.2 Staves
 - Level 1.7 Dodging
 - Level 1.7 Stealth
 + Level 4.5 Spellcasting
 + Level 5.1 Necromancy


You had 3 spell levels left.
You knew the following spells:

 Your Spells              Type           Power      Damage    Failure   Level
a - Necrotise             Necr           100%       1d9       1%          1
b - Blink                 Tloc           6%         N/A       22%         2
c - Vampiric Draining     Necr           32%        2d8       5%          3
d - Curse of Agony        Necr           32%        N/A       45%         5

Your spell library contained the following spells:

 Spells                   Type           Power      Damage    Failure   Level
 Lesser Beckoning         Tloc           6%         N/A       22%         2
 Momentum Strike          Conj/Tloc      6%         3d8       22%         2
 Animate Dead             Necr           32%        N/A       19%         4


Dungeon Overview and Level Annotations

Branches:
Dungeon (4/15)
 Temple: D:4-7

Altars:
Trog


Innate Abilities, Weirdness & Mutations

You are immune to poison.
Your flesh is cold resistant. (rC+)
You are immune to negative energy. (rN+++)
You are immune to unholy pain and torment.
You are vulnerable to heat. (rF-)
You are in touch with the powers of death.
You do not drink.
You have a special connection with the divine. (Faith)


Message History

Something hits you. The orc priest hits you with a +0 mace.
* * * LOW HITPOINT WARNING * * *
Casting: Necrotise (safe; 1% risk of failure)
Confirm with . or Enter, or press ? or * to list all spells.
Aiming: Necrotise (safe; 1% risk of failure)
Press: ? - help, Shift-Dir - straight line, f/p - orc priest
Aim: an orc priest, wielding a +0 mace and wearing a +0 ring mail (moderately wounded, ally target, chance to affect: 83%)
You feel a surge of power!
The orc priest writhes in agony.
The orc priest hits you with a +0 mace.
* * * LOW HITPOINT WARNING * * *
Something hits you.
* * * LOW HITPOINT WARNING * * *
Your orc skeleton hits the orc priest but does no damage.
Something hits your orc skeleton.
The orc priest hits your orc skeleton with a +0 mace!
Your orc skeleton is destroyed!
The orc priest barely misses you. Something hits you.
* * * LOW HITPOINT WARNING * * *
Casting: Necrotise (safe; 1% risk of failure)
Confirm with . or Enter, or press ? or * to list all spells.
Aiming: Vampiric Draining (dangerous; 5% risk of failure)
Press: ? - help, Shift-Dir - straight line, f/p - orc priest
Aim: an orc priest, wielding a +0 mace and wearing a +0 ring mail (heavily wounded)
You feel a surge of power!
You draw life force from the orc priest!
You kill the orc priest!
You feel life coursing into your body.
You miss something. Something hits you.
* * * LOW HITPOINT WARNING * * *
The ball python bites you but does no damage.
The ball python closely misses you. Something hits you.
* * * LOW HITPOINT WARNING * * *
You miss something. The ball python barely misses you.
The ball python grabs you. The ball python constricts you. Something hits you.
* * * LOW HITPOINT WARNING * * *
You barely miss something.
The ball python bites you but does no damage.
The ball python constricts you. Something hits you.
You die...

........#
#..##...#
#..##...
#..##..#
#).##..##
#..##>..+
#).##S..#
#)...)@##
########.......#
#.....##..##...#
#.....##..######
#.....##...#
#.....##...#
..##..........#
..............#
..............#


You could see a ball python.

Vanquished Creatures
  Crazy Yiuf (D:2)
  2 orc priests (D:4)
  Natasha (thrice) (D:2)
  6 adders
  3 gnolls (D:2)
  2 ufetubi (D:3)
  2 dart slugs
  2 ribbon worms
  2 orcs (D:4)
  3 bats
  5 endoplasms
  5 giant cockroaches
  6 goblins
  4 hobgoblins
  3 jackals (D:1)
  6 kobolds
  2 quokkas
  3 ball pythons
  3 frilled lizards (D:1)
  5 rats
68 creatures vanquished.

Vanquished Creatures (collateral kills)
  A gnoll (D:2)
  A jackal (D:1)
2 creatures vanquished.

Grand Total: 70 creatures vanquished

Notes
Turn   | Place    | Note
-------+----------+-------------------------------------------
     0 | D:1      | NotreDorf the Mummy Necromancer began the quest for the
                  | Orb.
     0 | D:1      | Reached XP level 1. HP: 13/13 MP: 4/4
   169 | D:1      | Reached XP level 2. HP: 19/19 MP: 3/5
   482 | D:1      | Reached XP level 3. HP: 23/25 MP: 3/7
   732 | D:1      | Reached skill level 1 in Fighting
  1042 | D:1      | Learned a level 2 spell: Blink
  1046 | D:1      | Learned a level 3 spell: Vampiric Draining
  1059 | D:2      | Noticed Natasha
  1065 | D:2      | Killed Natasha
  1066 | D:2      | Reached skill level 1 in Staves
  1151 | D:1      | Reached XP level 4. HP: 30/32 MP: 4/9
  1215 | D:2      | Noticed Natasha
  1219 | D:2      | Killed Natasha
  1328 | D:2      | Noticed Natasha
  1419 | D:2      | Killed Natasha
  1420 | D:2      | Reached XP level 5. HP: 24/38 MP: 6/11
  1565 | D:2      | Found a runed translucent door.
  1566 | D:2      | Noticed Crazy Yiuf
  1574 | D:2      | Killed Crazy Yiuf
  1911 | D:3      | Found a bloodstained altar of Trog.
  2050 | D:3      | Reached skill level 5 in Necromancy
  2513 | D:3      | Reached XP level 6. HP: 46/46 MP: 8/12
  2519 | D:3      | Learned a level 5 spell: Curse of Agony
  2865 | D:4      | Slain by an orc wizard

Illustrated notes

Levels and vault maps discovered:
D:1:      matt_arrival_diagonals, layout_loops_ring, serial_bayou,
          serial_bayou_pond_e, serial_bayou_pond_e, serial_bayou_lagoon_a,
          serial_bayou_pond_a, moated_statue
D:2:      layout_rooms, uniq_crazy_yiuf_cottage, uniq_natasha
D:3:      layout_loops_ring, mainiacjoe_overflow_alcove_2
D:4:      layout_gridville

Skill      XL: |  1  2  3  4  5 |
---------------+----------------+-----
Spellcasting   | 3 4 |  4.5
Fighting       | 1 2 |  2.8
Staves         | 1 2 |  2.2
Necromancy     | 5 |  5.1
Dodging        | |  1.7
Stealth        | |  1.7

Action                     |  1- 3 |  4- 6 || total
---------------------------+-------+-------++-------
  Melee: Unarmed           |     5 |       ||     5
         Quarterstaff      |    10 |    30 ||    40
   Cast: Necrotise         |    53 |    79 ||   132
         Vampiric Draining |       |     2 ||     2
   Stab: Distracted        |       |     1 ||     1
 Armour: Robe              |    22 |    49 ||    71
  Dodge: Dodged            |    11 |    31 ||    42
